 Dungeon Crawl Stone Soup version 0.26.1-11-gd32895ea62 (webtiles) character file.

Game seed: 15006615624627499866

661 Zeld the Chopper (level 7, -2/61 HPs)
             Began as a Hill Orc Monk on June 11, 2021.
             Was a Follower of Beogh.
             Slain by a harpy (5 damage)
             ... on level 5 of the Dungeon.
             The game lasted 00:07:04 (9511 turns).

Zeld the Chopper (Hill Orc Monk)                    Turns: 9511, Time: 00:07:04

Health: -2/61      AC:  9    Str: 16    XL:     7   Next: 56%
Magic:  4/7        EV:  8    Int: 10    God:    Beogh [*.....]
Gold:   226        SH:  0    Dex: 13    Spells: 6/6 levels left

rFire    . . .     SeeInvis .   a - +0 hand axe
rCold    . . .     Faith    .   (no shield)
rNeg     . . .     Spirit   .   w - +1 chain mail {rPois}
rPois    +         Reflect  .   (no helmet)
rElec    .         Harm     .   (no cloak)
rCorr    .         Rampage  .   (no gloves)
Will     .....                  (no boots)
Stlth    ..........             (no amulet)
HPRegen  0.20/turn              (no ring)
MPRegen  0.10/turn              (no ring)

@: no status effects
A: no striking features
a: Renounce Religion


You were on level 5 of the Dungeon.
You worshipped Beogh.
Beogh was aware of your devotion.
You visited 2 branches of the dungeon, and saw 6 of its levels.

You collected 226 gold pieces.

Inventory:

Hand Weapons
 a - a +0 hand axe (weapon)
Armour
 w - a +1 chain mail of poison resistance (worn)
Jewellery
 e - an uncursed ring of stealth {unknown}
 o - an uncursed ring of wizardry {unknown}
 r - a cursed +6 ring of dexterity {unknown}
 s - a +6 ring of strength {unknown}
Wands
 j - a wand of polymorph (16)
Scrolls
 g - a scroll of teleportation {unknown}
 h - 2 scrolls of enchant armour {unknown}
 l - 2 scrolls of immolation {unknown}
 n - 2 scrolls of identify {unknown}
 p - a scroll of blinking {unknown}
 q - a scroll of noise {unknown}
 t - 3 scrolls of remove curse {unknown}
 v - a scroll of magic mapping {unknown}
Potions
 b - 2 potions of cancellation {unknown}
 c - 2 potions of invisibility {unknown}
 d - 3 potions of degeneration {unknown}
 f - 3 potions of curing {unknown}
 i - a potion of heal wounds {unknown}
 k - 2 potions of haste {unknown}
 m - a potion of lignification {unknown}
 u - a potion of flight {unknown}
 x - a potion of brilliance {unknown}
 z - a potion of might {unknown}


   Skills:
 + Level 5.5 Fighting
 * Level 7.7 Axes
 + Level 3.8 Dodging
 + Level 3.5 Stealth


You had 6 spell levels left.
You didn't know any spells.
Your spell library contained the following spells:

 Spells                   Type           Power        Failure   Level
 Animate Skeleton         Necr           0%           100%        1
 Pain                     Necr           0%           100%        1
 Vampiric Draining        Necr           0%           100%        3
 Animate Dead             Necr           0%           100%        4
 Agony                    Necr           0%           100%        5


Dungeon Overview and Level Annotations

Branches:
Dungeon (5/15)             Temple (1/1) D:5

Altars:
Ashenzari
Cheibriados
Dithmenos
Elyvilon
Fedhas
Gozag
Hepliaklqana
Kikubaaqudgha
Makhleb
Nemelex Xobeh
Okawaru
Qazlal
Ru
Sif Muna
Uskayaw
Vehumet
Wu Jian
Xom
Yredelemnul
Zin
The Shining One

Annotations:
D:5 Blork the orc


Message History

The hornet evaporates and reforms as a harpy!
The harpy claws you!
* * * LOW HITPOINT WARNING * * *
The harpy claws you.
* * * LOW HITPOINT WARNING * * *
The harpy claws you but does no damage. The harpy barely misses you.
Press: ? - help, v - describe, . - travel
Here: a harpy The floor, spattered with blood.
Unknown command.
The harpy closely misses you. x2
The harpy claws you!
* * * LOW HITPOINT WARNING * * *
The harpy closely misses you.
Blork the orc casts a spell at himself.
Blork the orc flickers and vanishes!
Deactivating autopickup; reactivate with Ctrl-A.
The harpy screeches!
The harpy claws you.
You die...

............# #.##.#
........###.#####.##.#
..###.#####.#........#
............#.###.####
.#....#######.##..#
.......# #.##.##
###.##.# #.##.# #
#.##.# #.##.#
###.##.######.##@#
#..............H.#
....#####.###{####
###.## #.# #.# ###
##.## #.# #.# ..
##.###.###B# .# ###
#..##.##..##.##...#
##.................#
##.#.##..#....o......


You could see a harpy.

Vanquished Creatures
  Menkaure (D:5)
  An ice beast (D:5)
  A howler monkey (D:5)
  A bullfrog zombie (D:5)
  2 hounds
  Jessica (D:2)
  Natasha (thrice) (D:4)
  An iguana (D:4)
  A worker ant (D:4)
  Terence (D:3)
  4 adders
  2 white imps (D:5)
  An ooze (D:2)
  An adder zombie (D:5)
  2 worms
  3 dart slugs (D:1)
  6 leopard geckos
  6 orcs
  A giant cockroach (D:5)
  8 goblins
  5 hobgoblins
  3 jackals (D:2)
  3 ball pythons
  2 bats
  4 frilled lizards
  A giant cockroach zombie (D:5)
  A jackal skeleton (D:5)
  6 kobolds
  A quokka skeleton (D:4)
  14 rats
87 creatures vanquished.

Vanquished Creatures (others)
  2 orcs (D:3)
  A hobgoblin (D:3)
  A rat (D:3)
4 creatures vanquished.

Grand Total: 91 creatures vanquished

Notes
Turn   | Place    | Note
-------+----------+-------------------------------------------
     0 | D:1      | Zeld the Hill Orc Monk began the quest for the Orb.
     0 | D:1      | Reached XP level 1. HP: 19/19 MP: 1/1
   424 | D:2      | Reached XP level 2. HP: 27/27 MP: 2/2
   786 | D:2      | Noticed Jessica
   796 | D:2      | Killed Jessica
   797 | D:2      | Reached XP level 3. HP: 29/33 MP: 3/3
   847 | D:2      | Reached skill level 5 in Axes
  1454 | D:3      | Reached XP level 4. HP: 37/40 MP: 4/4
  1462 | D:3      | Noticed Terence
  1863 | D:3      | Became a worshipper of Beogh the Brigand
  1863 | D:3      | Reached * piety under Beogh
  1863 | D:3      | Reached ** piety under Beogh
  3580 | D:3      | Killed Terence
  3581 | D:3      | Reached XP level 5. HP: 5/26 MP: 5/5
  4067 | D:3      | Found a faded altar of an unknown god.
  4305 | D:3      | Found a burning altar of Makhleb.
  4316 | D:3      | Reached skill level 6 in Axes
  4722 | D:3      | Found a faded altar of an unknown god.
  5035 | D:3      | Found a burning altar of Makhleb.
  5988 | D:3      | Found a faded altar of an unknown god.
  6338 | D:3      | Found a burning altar of Makhleb.
  6715 | D:4      | Noticed Natasha
  6725 | D:4      | Killed Natasha
  6726 | D:4      | Reached XP level 6. HP: 27/43 MP: 2/6
  7047 | D:4      | Noticed Natasha
  7057 | D:4      | Killed Natasha
  7440 | D:4      | Noticed Natasha
  7458 | D:4      | Killed Natasha
  7459 | D:4      | Reached skill level 5 in Fighting
  8024 | D:5      | Entered Level 5 of the Dungeon
  8038 | D:5      | Found a staircase to the Ecumenical Temple.
  8056 | Temple   | Entered the Ecumenical Temple
  8482 | D:5      | Reached skill level 7 in Axes
  8551 | D:5      | Noticed an ice beast
  8582 | D:5      | Killed an ice beast
  8583 | D:5      | Reached XP level 7. HP: 45/61 MP: 3/7
  8929 | D:5      | Noticed Menkaure
  8942 | D:5      | Killed Menkaure
  9495 | D:5      | Noticed Blork the orc
  9495 | D:5      | Noticed a hornet
  9507 | D:5      | Noticed a harpy
  9507 | D:5      | a hornet changed into a harpy
  9510 | D:5      | HP: 2/61 [harpy (7)]
  9511 | D:5      | Slain by a harpy

Illustrated notes

Levels and vault maps discovered:
D:1:      dpeg_arrival_long_road, layout_basic
D:2:      layout_basic, grunt_ministairs_3, st_stairs_12, uniq_jessica
D:3:      layout_basic, chequers_ecumenical_altar_lobes,
          makhleb_blood_cavern_becter, uniq_terence
D:4:      layout_layer_cave, kennysheep_generic_room_10, uniq_natasha
D:5:      layout_loops_ring, minmay_temple_entry_offerings, minivault_23,
          sword_in_stone, uniq_menkaure
Temple:   nicolae_temple_the_god_donut

Skill      XL: |  1  2  3  4  5  6 |
---------------+-------------------+-----
Fighting       | 4 5 |  5.5
Stealth        | 2 3 |  3.5
Axes           | 5 6 7 |  7.7
Dodging        | 3 |  3.8

Action                   |  1- 3 |  4- 6 |  7- 9 || total
-------------------------+-------+-------+-------++-------
Melee: Hand axe          |   100 |   237 |    76 ||   413
Invok: Convert to Beogh  |       |     1 |       ||     1
       Smiting           |       |     4 |     3 ||     7
Evoke: Wand              |       |       |     1 ||     1
 Stab: Sleeping          |     3 |       |       ||     3
       Distracted        |     1 |       |       ||     1
Armor: Robe              |    22 |     3 |       ||    25
       Plate armour      |       |   106 |       ||   106
       Chain mail        |       |    27 |    38 ||    65
Dodge: Dodged            |    85 |    58 |    32 ||   175
